 Dungeon Crawl Stone Soup version 0.23-a0-49-gd9f7a49 (webtiles) character file.

113 Amnesiac the Gusty (level 4, -10/33 HPs)
             Began as a Mummy Air Elementalist on Aug 7, 2018.
             Mangled by an ogre
             ... wielding a +0 giant club
              (23 damage)
             ... on level 4 of the Dungeon.
             The game lasted 00:03:56 (3348 turns).

Amnesiac the Gusty (Mummy Air Elementalist)         Turns: 3348, Time: 00:03:56

Health: -10/33     AC:  3    Str: 11    XL:     4   Next: 65%
Magic:  8/8        EV: 13    Int: 15    God:
Gold:   126        SH:  0    Dex: 12    Spells: 4/9 levels left

rFire    x . .     SeeInvis .   b - +2 hand axe (drain)
rCold    + . .     Gourm    .   (no shield)
rNeg     + + +     Faith    .   a - +1 robe
rPois    ∞         Spirit   .   (no helmet)
rElec    .         Reflect  .   (no cloak)
rCorr    .         Harm     .   (no gloves)
MR       .....                  (no boots)
Stlth    ++........             (no amulet)
HPRegen  0.11/turn              (no ring)
MPRegen  0.11/turn              (no ring)

@: no status effects
A: no food or potions, fire vulnerability, cold resistance 1, negative energy
resistance 3, torment resistance, unbreathing
a: no special abilities


You were on level 4 of the Dungeon.
You were not hungry.

You visited 1 branch of the dungeon, and saw 4 of its levels.

You collected 126 gold pieces.

Inventory:

Hand Weapons
 b - a +2 hand axe of draining (weapon)
Armour
 a - a +1 robe (worn)
Scrolls
 d - a scroll of remove curse {!r}
 e - 2 scrolls of amnesia {!r}
 f - 2 scrolls of enchant armour {!r}


   Skills:
 + Level 1.8 Fighting
 * Level 2.9 Dodging
 - Level 1.5 Stealth
 - Level 3.0 Spellcasting
 - Level 0.7 Conjurations
 + Level 3.1 Air Magic


You had 4 spell levels left.
You knew the following spells:

 Your Spells              Type           Power        Failure   Level  Hunger
a - Shock                 Conj/Air       #...         9%          1    N/A
d - Airstrike             Air            ##........   50%         4    N/A

Your spell library contained the following spells:

 Spells                   Type           Power        Failure   Level  Hunger
 Lightning Bolt           Conj/Air       #.........   94%         5    N/A
 Swiftness                Chrm/Air       #.......     16%         2    N/A
 Static Discharge         Conj/Air       #.......     26%         3    N/A

Dungeon Overview and Level Annotations

Branches:
Dungeon (4/15)
 Temple: D:4-7

Altars:
Ashenzari
Nemelex Xobeh
Trog
Vehumet
Zin
The Shining One


Innate Abilities, Weirdness & Mutations

You do not eat or drink.
Your flesh is vulnerable to fire.
You are immune to poison.
Your flesh is cold resistant. (rC+)
You are immune to negative energy. (rN+++)
You are immune to unholy pain and torment.
You can survive without breathing.


Message History

You feel less confused.
The orc wizard gestures at you while chanting.
The puff of frost misses you. The orc wizard casts a spell at you.
The puff of frost hits you! You resist.
* * * LOW HITPOINT WARNING * * *
Really read
h - a scroll of teleportation {!r}?
As you read the scroll of teleportation {!r}, it crumbles to dust.
You feel strangely unstable.
Your surroundings suddenly seem different.
An ogre comes into view. It is wielding a giant club.
The ogre moves out of view.
Really read
c - a scroll labeled EFRILI FU PATI {!r}? [Y]es or [N]o only, please.
Really read
c - a scroll labeled EFRILI FU PATI {!r}?
As you read the scroll labeled EFRILI FU PATI {!r}, it crumbles to dust.
You assume a fearsome visage.
Nothing appears to happen.
It was a scroll of fear {!r}.
You start resting.
The orc is too close now for your liking.
The orc shouts!
You hear a shout! x3
A dart slug comes into view.
The ogre shouts!
You hear a shout!
A giant cockroach comes into view.
There is a stone staircase leading up here.
The orc closely misses you.
You climb upwards.
There is a stone staircase leading down here.
You barely miss the orc. The orc barely misses you.
You hit the orc. You drain the orc!
The orc is heavily wounded.
The orc hits you with a flail.
* * * LOW HITPOINT WARNING * * *
You hit the orc.
You kill the orc!
No target in view!
No target in view!
No target in view!
Things that are here:
a flail; a leather armour; an orc corpse You start resting.
HP restored.
You start resting.
HP restored.
There is a stone staircase leading down here.
You climb downwards.
The ogre barely misses you.
There is a stone staircase leading up here.
Unknown command.
The ogre closely misses you.
You hit the ogre but do no damage. You drain the ogre!
The ogre is lightly wounded.
The ogre closely misses you.
You hit the ogre.
The ogre is lightly wounded.
The ogre hits you with a giant club.
You hit the ogre.
The ogre is moderately wounded.
The ogre hits you with a giant club!
* * * LOW HITPOINT WARNING * * *
You slash the ogre! You drain the ogre!
The ogre is almost dead.
The ogre hits you with a giant club!!
Ouch! That really hurt!
You die...

..'.......
+.......#
.##O......
####....# .#
.O... ##.#.#
.# ....
###.# .# ...
#.# .# ..
#s# .# # #.#
##
####.#####.#
.......@Os.#
####.#######


You could see an ogre and a giant cockroach.

Vanquished Creatures
  An orc wizard (D:4)
  A worker ant (D:3)
  A hound skeleton (D:4)
  2 adders
  3 leopard geckos
  2 orcs
  3 bats
  A giant cockroach (D:3)
  5 hobgoblins
  A quokka (D:2)
  3 frilled lizards
  3 goblins
  3 kobolds
  3 rats
32 creatures vanquished.

Notes
Turn   | Place    | Note
-------+----------+-------------------------------------------
     0 | D:1      | Amnesiac the Mummy Air Elementalist began the quest for the Orb.
     0 | D:1      | Reached XP level 1. HP: 13/13 MP: 4/4
   480 | D:1      | Reached XP level 2. HP: 11/19 MP: 5/5
   761 | D:2      | Noticed an angel
   762 | D:2      | Found a glowing silver altar of Zin.
   993 | D:2      | Found a radiant altar of Vehumet.
  1802 | D:3      | Reached XP level 3. HP: 25/25 MP: 7/7
  1907 | D:3      | Reached skill level 1 in Fighting
  2410 | D:3      | Found a shattered altar of Ashenzari.
  2480 | D:3      | Found a sparkling altar of Nemelex Xobeh.
  2507 | D:3      | Found a bloodstained altar of Trog.
  2509 | D:3      | Found a glowing golden altar of the Shining One.
  2568 | D:4      | Noticed an ogre
  2591 | D:3      | Reached XP level 4. HP: 28/32 MP: 8/8
  2678 | D:4      | Learned a level 4 spell: Airstrike
  3048 | D:4      | Noticed an ogre
  3348 | D:4      | Mangled by an ogre

Vault maps used:
D:1:      minmay_arrival_glassed_features, serial_bayou_crossing
D:2:      zin_angel, fiery_altar_vehumet, serial_co_window_serial,
          co_window_paths_b, co_window_corner_a, co_window_corner_a,
          co_window_paths_b, co_window_corner_a, co_window_corner_a,
          co_window_paths_b, co_window_broadway_b, co_window_of_opportunity_b,
          co_window_paths_c, co_window_2corner, co_window_paths_d,
          co_window_4corner_a, glass_columns_a, glass_columns_b
D:3:      nicolae_overflow_hidden_temple
D:4:      corexii_leaking_fountain, minmay_ruptured

Skill      XL: |  1  2  3  4 |
---------------+-------------+-----
Dodging        | 2 |  2.9
Spellcasting   | 3 |  3.0
Fighting       | 1 |  1.8
Air Magic      | 3 |  3.1
Stealth        | |  1.5
Conjurations   | |  0.7

Action                   |  1- 3 |  4- 6 || total
-------------------------+-------+-------++-------
Melee: Hand axe          |    60 |    39 ||    99
  Use: Scroll            |       |     8 ||     8
 Stab: Sleeping          |     3 |       ||     3
       Distracted        |     1 |       ||     1
Armor: Robe              |    12 |     9 ||    21
Dodge: Dodged            |    40 |    41 ||    81

Table legend:
 A = Spawn XP
 B = Non-spawn XP
 C = Spawn XP percentage of total XP
 D = Spawn monster count
 E = Non-spawn monster count
 F = Spawn count percentage of total count
 G = Total turns spent on level
                    A         B        C        D         E        F      G
               +---------+---------+-------+---------+---------+-------+---------
         Total |       0 |     162 |   0.0 |       0 |      32 |   0.0 |  3348
               +---------+---------+-------+---------+---------+-------+---------
           D:1 |       0 |      13 |   0.0 |       0 |       9 |   0.0 |   637
           D:2 |       0 |      26 |   0.0 |       0 |       7 |   0.0 |  1086
           D:3 |       0 |      61 |   0.0 |       0 |      10 |   0.0 |  1077
           D:4 |       0 |      62 |   0.0 |       0 |       6 |   0.0 |   548
               +---------+---------+-------+---------+---------+-------+---------
